 Dungeon Crawl Stone Soup version 0.23.2-33-g5129a83184 (webtiles) character file.

Game seed: 5839884577214446111

96 Jaz the Chopper (level 4, -5/61 HPs)
             Began as a Hill Orc Berserker on June 28, 2019.
             Was a Believer of Trog.
             Killed from afar by an orc wizard (6 damage)
             ... with a magic dart
             ... on level 2 of the Dungeon.
             The game lasted 00:05:14 (2078 turns).

Jaz the Chopper (Hill Orc Berserker)                Turns: 2078, Time: 00:05:14

Health: -5/61      AC:  5    Str: 25    XL:     4   Next: 67%
Magic:  4/4        EV: 11    Int:  7    God:    Trog [**....]
Gold:   65         SH:  0    Dex: 10    Spells: 3/3 levels left

rFire    . . .     SeeInvis .   a - +0 hand axe
rCold    . . .     Gourm    .   (no shield)
rNeg     . . .     Faith    .   e - +0 ring mail
rPois    .         Spirit   .   (no helmet)
rElec    .         Reflect  .   (no cloak)
rCorr    .         Harm     .   (no gloves)
MR       .....                  (no boots)
Stlth    ..........             (no amulet)
HPRegen  0.20/turn              (no ring)
MPRegen  0.09/turn              (no ring)

@: berserking, very quick
A: no striking features
a: Berserk, Trog's Hand, Renounce Religion


You were on level 2 of the Dungeon.
You worshipped Trog.
Trog was pleased with you.
You were not hungry.

You visited 1 branch of the dungeon, and saw 3 of its levels.

You collected 65 gold pieces.

Inventory:

Hand Weapons
 a - a +0 hand axe (weapon)
Missiles
 l - 2 throwing nets (quivered)
Armour
 e - a +0 ring mail (worn)
 g - a +0 plate armour
Scrolls
 h - a scroll of identify
 k - a scroll of enchant armour {unknown}
 n - a scroll of teleportation
 o - a scroll of blinking {unknown}
 p - a scroll of amnesia {unknown}
Potions
 b - a potion of flight
 d - a potion of heal wounds {unknown}
 f - a potion of haste {unknown}
 i - 2 potions of agility {unknown}
 j - a potion of might {unknown}
 m - 2 potions of curing {unknown}
Comestibles
 c - 5 rations


   Skills:
 + Level 4.3 Fighting
 + Level 6.4 Axes
 - Level 2.1 Armour
 - Level 1.5 Dodging


You had 3 spell levels left.
You didn't know any spells.
Your spell library was empty.

Dungeon Overview and Level Annotations

Branches:
Dungeon (3/15)

Altars:


Message History

You closely miss the orc. You closely miss something. Something hits you.
* * * LOW HITPOINT WARNING * * *
The orc hits you with a +0 hand axe.
* * * LOW HITPOINT WARNING * * *
Unknown command.
You're too hungry.
You closely miss the orc. You closely miss something. Something hits you.
* * * LOW HITPOINT WARNING * * *
The orc barely misses you. Something hits you but does no damage.
You eat one of the 6 rations.
That ration really hit the spot!
Something hits you but does no damage. The orc closely misses you.
A red film seems to cover your vision as you go berserk!
You feel yourself moving faster!
You feel mighty!
You feel a lot more hungry. Something hits you.
* * * LOW HITPOINT WARNING * * *
The orc completely misses you.
You hear some strange, mumbled words.
A magic dart appears from out of thin air!
The magic dart hits you.
You die...

##############
.............#########
############.#.......#
#............#.#####.#
##.##..#####.#.....#.#
##.#.......#.#.###.#.###
...#...<...............#
.###.......#.###.#...#.#
...............{@#.###.#
#.##.........###o#.# #.#
#.##.######..# #.#.# #.#
#.##......#..###.#.###.#
#.##..###.#...<#.#.#..(#
#.##....#.#.####.#.#.#######
#.........#....#.#.#.......#
##.....#######.#.#.#######.#
##........#....#.#.....# #.#


You could see an orc.

Vanquished Creatures
  An orc wizard (D:3)
  2 adders (D:2)
  An ooze (D:2)
  3 leopard geckos
  2 orcs (D:3)
  3 giant cockroaches
  7 goblins
  7 hobgoblins
  A ball python (D:2)
  3 bats
  2 frilled lizards (D:1)
  6 kobolds
  2 rats
40 creatures vanquished.

Notes
Turn   | Place    | Note
-------+----------+-------------------------------------------
     0 | D:1      | Jaz the Hill Orc Berserker began the quest for the Orb.
     0 | D:1      | Reached XP level 1. HP: 19/19 MP: 1/1
   207 | D:1      | Reached XP level 2. HP: 13/26 MP: 2/2
   470 | D:1      | Reached skill level 5 in Axes
   742 | D:2      | Reached XP level 3. HP: 15/31 MP: 3/3
  1415 | D:2      | Reached skill level 6 in Axes
  1592 | D:2      | Reached ** piety under Trog
  1712 | D:2      | Reached XP level 4. HP: 22/40 MP: 4/4
  2075 | D:2      | HP: 2/41 [orc/+0 hand axe (5)]
  2078 | D:2      | Killed from afar by an orc wizard

Skill      XL: |  1  2  3 |
---------------+----------+-----
Axes           | 5 6 |  6.4
Fighting       | 4 |  4.3
Armour         | |  2.1
Dodging        | |  1.5

Action                   |  1- 3 |  4- 6 || total
-------------------------+-------+-------++-------
Melee: Hand axe          |   101 |    20 ||   121
Invok: Berserk           |       |     1 ||     1
  Use: Scroll            |     3 |       ||     3
  Eat: Chunk             |     2 |       ||     2
       Ration            |       |     1 ||     1
Armor: Ring mail         |    32 |    12 ||    44
Dodge: Dodged            |    58 |    16 ||    74
